 Dungeon Crawl Stone Soup version 0.18.1-50-g88ac8fd (webtiles) character file.

176940 Peloso the Fencer (level 17, -2/144 HPs)
             Began as a Minotaur Fighter on Oct 14, 2016.
             Was the Champion of Okawaru.
             Slain by a salamander
             ... wielding a +0 trident
              (5 damage)
             ... on level 3 of the Snake Pit on Oct 15, 2016.
             The game lasted 01:47:33 (36680 turns).

Peloso the Fencer (Minotaur Fighter)               Turns: 36680, Time: 01:47:33

Health: -2/144     AC: 26    Str: 26    XL:     17   Next: 52%
Magic:  16/16      EV: 11    Int: 15    God:    Okawaru [******]
Gold:   2749       SH: 21    Dex: 11    Spells: 0 memorised, 16 levels left

rFire  + . .     SeeInvis .     X - +4 double sword (slice)
rCold  + + +     Gourm    .     c - +2 plate armour {rC+}
rNeg   + . .     Faith    .     P - +5 shield of Defiance {Int+5}
rPois  +         Spirit   .     b - +0 hat {Int+3}
rElec  .         Dismiss  .     w - +1 cloak of the Beggar {*Confuse rC++ rN+ Str+3}
rCorr  .         Reflect  .     Z - +0 pair of gloves
SustAt .         Harm     .     n - +1 pair of boots of the Duke {rC+}
MR     +....                    (no amulet)
Stlth  ..........               I - ring of poison resistance
                                B - ring of protection from fire

@: about to teleport, somewhat resistant to hostile enchantments, extremely
unstealthy
A: retaliatory headbutt, horns 2, clever 1, clumsy 1, frail 1, low mp 1, slow
regeneration 1, weak 1
a: Heroism, Finesse, Renounce Religion


You were on level 3 of the Snake Pit.
You worshipped Okawaru.
Okawaru was exalted by your worship.
You were very hungry.

You visited 4 branches of the dungeon, and saw 28 of its levels.
You also visited: Sewer.

You collected 2935 gold pieces.
You spent 186 gold pieces at shops.

Inventory:

Hand Weapons
 o - a +2 falchion of slicing
 N - the +4 falchion of Quantum Leap {pain, rC+ rN+ Str+4}
   (Okawaru gifted it to you on level 6 of the Lair of Beasts)

   In the hands of one skilled in necromantic magic, it inflicts extra damage on
   living creatures.
   It affects your strength (+4).
   It protects you from cold.
   It protects you from negative energy.
 X - a +4 double sword of slicing (weapon)
Armour
 b - a +0 hat of intelligence (worn)
 c - a +2 plate armour of cold resistance (worn)
 n - the +1 pair of boots of the Duke (worn) {rC+}
   (You acquired it on level 11 of the Dungeon)

   It protects you from cold.
 w - the +1 cloak of the Beggar (worn) {*Confuse rC++ rN+ Str+3}
   (You found it on level 6 of the Lair of Beasts)

   It affects your strength (+3).
   It greatly protects you from cold.
   It protects you from negative energy.
   It may confuse you when you take damage.
 G - the +4 chain mail of Xoneapn {+Blink Int+3}
   (You found it on level 8 of the Lair of Beasts)

   It affects your intelligence (+3).
   It lets you blink.
 P - the +5 shield of Defiance (worn) {Int+5}
   (Okawaru gifted it to you on level 1 of the Snake Pit)

   It affects your intelligence (+5).
 Z - a +0 pair of gloves (worn)
Jewellery
 u - an uncursed ring of see invisible
 B - a ring of protection from fire (left hand)
 I - a ring of poison resistance (right hand)
 J - an uncursed ring of wizardry
 K - an uncursed ring of resist corrosion
 U - an uncursed ring of protection from magic
 W - a +2 ring of protection
Wands
 a - a wand of teleportation (4/9)
 m - a wand of lightning (7/15)
 A - a wand of disintegration (6/24)
 Q - a wand of disintegration (20/24)
 T - a wand of disintegration (6/24)
 Y - a wand of digging (14/24)
Scrolls
 i - 11 scrolls of remove curse
 k - 4 scrolls of teleportation
 l - 2 scrolls of amnesia
 p - a scroll of brand weapon
 q - 14 scrolls of identify
 v - 3 scrolls of fear
 y - 3 scrolls of magic mapping
 E - 3 scrolls of recharging
 F - a scroll of holy word
 O - 2 scrolls of enchant armour
 R - 2 scrolls of blinking
 V - 3 scrolls of fog
Potions
 d - 2 potions of brilliance
 e - 7 potions of haste
 r - 2 potions of berserk rage
 t - 7 potions of agility
 z - 5 potions of flight
 D - a potion of resistance
 L - 2 potions of heal wounds
 M - a potion of cure mutation
 S - 4 potions of might
Comestibles
 f - 13 bread rations
 g - 8 slices of pizza
 h - 16 meat rations
 j - 19 fruits
 C - 4 royal jellies
 H - 15 beef jerkies


   Skills:
 + Level 16.9 Fighting
 + Level 19.9 Long Blades
 + Level 15.6 Armour
 + Level 7.9 Dodging
 + Level 1.5 Stealth
 + Level 18.9 Shields
 + Level 3.6 Invocations
 + Level 1.3 Evocations


You had 16 spell levels left.
You didn't know any spells.

Dungeon Overview and Level Annotations

Branches:
Dungeon (15/15)            Temple (0/1) D:6            Lair (8/8) D:8
 Shoals (0/4) Lair:6        Snake (3/4) Lair:4        Slime (0/6) Lair:8
    Orc (2/2) D:11            Elf (0/3) Orc:2        Vaults (0/5) D:13
 Depths (0/5) D:15

Altars:
Ashenzari
Dithmenos
Kikubaaqudgha
Makhleb
Okawaru
Pakellas
Qazlal
Ru
Vehumet
Zin
The Shining One

Shops:
Orc:2 ?}*(!

Portals:
Pandemonium: Orc:2


Innate Abilities, Weirdness & Mutations

You reflexively headbutt those who attack you in melee.
You have a pair of horns on your head.
Your mind is acute. (Int +2)
You are clumsy. (Dex -2)
You are frail (-10% HP).
Your magical capacity is low (-10% MP).
You regenerate slowly when monsters are visible.
You are weak. (Str -2)


Message History

The shock serpent shocks you!
* * * LOW HITPOINT WARNING * * *
You block the sea snake's attack.
You closely miss the sea snake.
The sea snake is severely wounded.
The salamander hits you but does no damage.
You block the sea snake's attack.
The shock serpent bites you but does no damage.
Unknown command.
You hit the sea snake but do no damage.
The sea snake is severely wounded.
You block the sea snake's attack. The shock serpent closely misses you.
You furiously retaliate!
You headbutt the shock serpent, but do no damage.
The sea snake bites you.
* * * LOW HITPOINT WARNING * * *
The salamander hits you from afar with a trident!
* * * LOW HITPOINT WARNING * * *
You are engulfed in flames.
You resist.
You die...

##...>.......))....##
#...........#####..###
##..........# ##...###
#...≈≈≈....# ###...##
##..≈≈≈....# ###...
#...≈P....# ###.
##..≈.....# ## ##..NSSS..#
## #..###@...# #.
######..# ####.# ##.
≈≈≈≈≈≈..# ## ##..
.≈≈≈;≈†.## #[..
≈≈≈≈.≈≈≈..# ##..#
≈≈≈S..≈≈..\# ##..##
≈≈..≈..≈....#####
#####..##
≈..≈≈≈.≈........###..#).##
..≈≈≈≈.≈...............##


You could see 2 sea snakes, a salamander and a shock serpent.

Vanquished Creatures
  Rupert (Orc:2)
  Gastronok (Lair:2)
  Agnes (Snake:3)
  A storm dragon (D:13)
  Wiglaf (Snake:3)
  A greater naga (Snake:2)
  A fire giant (D:15)
  A stone giant (D:13)
  A yaktaur captain (D:13)
  4 vault guards (D:13)
  2 catoblepae
  4 naga warriors
  Erolcha (D:9)
  A death knight (D:15)
  8 hydras
  16 anacondas
  4 centaur warriors
  A dancing weapon (Orc:2)
  9 death yaks
  2 orc high priests (Orc:2)
  A tengu warrior (D:13)
  11 shock serpents
  6 naga sharpshooters
  A salamander mystic (Snake:2)
  3 unseen horrors
  A deep troll (D:8)
  3 wizards (D:13)
  A sea snake (Snake:3)
  9 naga ritualists
  6 hill giants
  A necromancer (D:13)
  A phantasmal warrior (D:15)
  A putrid demonspawn (Orc:2)
  4 ugly things
  5 orc knights (Orc:2)
  11 mana vipers
  3 sixfirhies (Orc:2)
  2 oklob plants (Lair:8)
  4 cyclopes
  A manticore (D:15)
  6 slime creatures
  3 deep elf magi (D:15)
  9 salamanders
  10 orc sorcerers (Orc:2)
  3 griffons
  15 elephants
  41 black mambas
  4 guardian serpents
  14 naga magi
  16 spiny frogs
  2 torpor snails
  A gargoyle (D:13)
  5 rime drakes
  2 freezing wraiths (D:15)
  2 yaktaurs (D:13)
  4 centaur skeletons
  8 komodo dragons
  An ice devil (Orc:2)
  A queen bee (shapeshifter) (D:14)
  3 kobold demonologists
  2 spriggan druids (Lair:8)
  6 polar bears
  2 trolls
  A wolf spider simulacrum (D:15)
  A polar bear (shapeshifter) (D:15)
  A two-headed ogre (D:11)
  Prince Ribbit (Lair:1)
  Grinder (D:3)
  16 blink frogs
  2 boulder beetles
  The ghost of Heatwave the Charlatan, an amateur HaAr (D:5)
  4 redbacks (Lair:8)
  10 spriggans (Lair:8)
  2 vampires
  58 yaks
  23 humans
  A wraith (D:15)
  11 hippogriffs
  3 wyverns
  5 basilisks
  Grum (D:8)
  3 hungry ghosts
  2 vampire mosquitoes (D:15)
  2 neqoxecs (Orc:2)
  A soldier ant (D:15)
  28 nagas
  11 water moccasins
  15 porcupines
  30 orc warriors
  3 sky beasts
  A necrophage (D:15)
  4 ice beasts
  2 phantoms
  2 wasps (Lair:8)
  9 black bears (Lair:8)
  16 ogres
  An eye of draining (D:4)
  26 wolves
  21 crocodiles
  4 centaurs
  3 big kobolds
  19 giant frogs
  5 scorpions
  2 wyvern skeletons
  A water moccasin skeleton (D:11)
  16 killer bees
  12 wights
  2 howler monkeys
  5 electric eels
  5 crimson imps
  A quasit (D:6)
  6 centaur zombies
  3 jellies
  33 orc priests
  10 hounds
  7 iguanas
  Jessica (Lair:2)
  17 worker ants
  Ijyb (D:3)
  34 orc wizards
  32 sheep
  A hound skeleton (D:6)
  A howler monkey zombie (D:9)
  A howler monkey skeleton (D:4)
  57 river rats
  16 adders
  A shadow imp (D:11)
  3 worms
  4 dart slugs
  4 giant geckos
  91 orcs
  5 bats (D:1)
  5 giant cockroaches
  6 goblins
  8 hobgoblins
  11 jackals
  2 quokkas
  4 ball pythons
  3 giant newts
  2 jackal skeletons
  A jackal zombie (D:5)
  16 kobolds
  A quokka zombie (D:7)
  9 rats
  3 fungi
  13 plants
1102 creatures vanquished.

Vanquished Creatures (others)
  A black mamba (Snake:3)
  6 fungi
  19 plants
26 creatures vanquished.

Grand Total: 1128 creatures vanquished

Notes
Turn   | Place    | Note
--------------------------------------------------------------
     0 | D:1      | Peloso the Minotaur Fighter began the quest for the Orb.
     0 | D:1      | Reached XP level 1. HP: 19/19 MP: 0/0
    83 | D:1      | Reached XP level 2. HP: 21/27 MP: 1/1
   555 | D:1      | Reached XP level 3. HP: 33/33 MP: 2/2
   700 | D:2      | Found a glowing silver altar of Zin.
  1001 | D:2      | Reached skill level 3 in Long Blades
  1001 | D:2      | Reached XP level 4. HP: 24/40 MP: 3/3
  1204 | D:3      | Reached skill level 1 in Dodging
  1495 | D:3      | Reached XP level 5. HP: 47/47 MP: 4/4
  1513 | D:3      | Found an oddly glowing altar of Pakellas.
  1627 | D:3      | Found a glowing golden altar of the Shining One.
  1868 | D:3      | Noticed Grinder
  1874 | D:3      | Paralysed by Grinder for 6 turns
  1893 | D:3      | Paralysed by Grinder for 2 turns
  1899 | D:3      | Killed Grinder
  1899 | D:3      | Reached skill level 5 in Fighting
  1899 | D:3      | Reached skill level 4 in Long Blades
  1899 | D:3      | Reached skill level 5 in Armour
  1899 | D:3      | Reached skill level 5 in Shields
  1899 | D:3      | Reached XP level 6. HP: 35/56 MP: 5/5
  2267 | D:3      | Noticed Ijyb
  2275 | D:3      | Killed Ijyb
  2373 | D:4      | Reached XP level 7. HP: 61/61 MP: 0/6
  2375 | D:4      | Noticed a hippogriff
  2384 | D:4      | Killed a hippogriff
  2401 | D:4      | Reached skill level 5 in Long Blades
  2876 | D:4      | Found an ancient bone altar of Kikubaaqudgha.
  2905 | D:4      | Reached XP level 8. HP: 70/70 MP: 7/7
  3213 | D:5      | Entered Level 5 of the Dungeon
  3322 | D:5      | Found a sacrificial altar of Ru.
  3328 | D:5      | Reached skill level 6 in Long Blades
  3574 | D:5      | Noticed Heatwave's ghost (amateur HaAr)
  3603 | D:5      | Killed Heatwave's ghost
  3711 | D:5      | Found a glowing drain.
  3726 | Sewer    | Entered a sewer
  3804 | Sewer    | Got a distressingly furry plate armour
  3815 | Sewer    | Identified the cursed +1 plate armour of Card Tricks {rElec MR- Int+2} (You found it in a sewer)
  3887 | D:5      | Got a pitted scale mail
  3901 | D:5      | Identified the +1 scale mail "Vetuz" {*Drain rElec MR+ Stlth+} (You found it on level 5 of the Dungeon)
  3955 | D:5      | Found a shadowy altar of Dithmenos.
  4191 | D:6      | Found an iron altar of Okawaru.
  4202 | D:6      | Became a worshipper of Warmaster Okawaru
  4428 | D:6      | Reached XP level 9. HP: 75/79 MP: 8/8
  4465 | D:6      | Found a shattered altar of Ashenzari.
  4663 | D:6      | Found a staircase to the Ecumenical Temple.
  4984 | D:7      | Reached skill level 7 in Long Blades
  5585 | D:8      | Reached * piety under Okawaru
  5761 | D:8      | Noticed a deep troll
  5926 | D:8      | Killed a deep troll
  5926 | D:8      | Reached ** piety under Okawaru
  5954 | D:8      | Reached skill level 10 in Shields
  6027 | D:8      | Noticed a four-headed hydra
  6029 | D:8      | Found a stormy altar of Qazlal.
  6032 | D:8      | Found a radiant altar of Vehumet.
  6082 | D:8      | Killed a nine-headed hydra
  6082 | D:8      | Reached skill level 8 in Long Blades
  6082 | D:8      | Reached XP level 10. HP: 83/90 MP: 6/9
  6091 | D:8      | Noticed a white ugly thing
  6180 | D:8      | Killed a white ugly thing
  6180 | D:8      | Reached *** piety under Okawaru
  6418 | D:8      | Found a burning altar of Makhleb.
  6433 | D:8      | Noticed Grum
  6439 | D:8      | Killed Grum
  6439 | D:8      | Reached skill level 9 in Long Blades
  6443 | D:8      | Reached skill level 1 in Invocations
  6653 | D:8      | Got a crude long sword
  6654 | D:8      | Identified the +7 long sword of Disorder {speed, Int+7} (You found it on level 8 of the Dungeon)
  6677 | D:8      | Found a staircase to the Lair.
  7121 | D:9      | Reached **** piety under Okawaru
  7165 | D:9      | You fall through a shaft!
  7165 | D:10     | Entered Level 10 of the Dungeon
  7192 | D:10     | Reached skill level 10 in Long Blades
  7370 | D:10     | Received a gift from Okawaru
  7596 | D:10     | Reached XP level 11. HP: 82/97 MP: 11/11
  7673 | D:10     | Noticed a hill giant
  7684 | D:10     | Killed a hill giant
  7684 | D:10     | Reached ***** piety under Okawaru
  7929 | D:10     | Reached skill level 10 in Armour
  8250 | D:9      | Noticed Erolcha
  8263 | D:9      | Killed Erolcha
  8263 | D:9      | Received a gift from Okawaru
  8263 | D:9      | Reached skill level 10 in Fighting
  8263 | D:9      | Reached skill level 11 in Long Blades
  8660 | D:11     | Found a staircase to the Orcish Mines.
  9107 | D:11     | Identified a scroll of acquirement
  9110 | D:11     | Got a pair of shimmering boots
  9116 | D:11     | Identified the +1 pair of boots of the Duke {rC+} (You acquired it on level 11 of the Dungeon)
  9701 | D:12     | Noticed a purple ugly thing
  9719 | D:12     | Killed a purple ugly thing
  9791 | D:12     | Noticed an unseen horror
  9809 | D:12     | Killed an unseen horror
  9809 | D:12     | Reached skill level 12 in Long Blades
  9872 | D:12     | Received a gift from Okawaru
  9872 | D:12     | Reached skill level 5 in Dodging
 10187 | D:12     | Noticed an unseen horror
 10224 | D:12     | Killed an unseen horror
 10224 | D:12     | Reached XP level 12. HP: 96/108 MP: 12/12
 10598 | Lair:1   | Entered Level 1 of the Lair of Beasts
 10798 | Lair:1   | Noticed Prince Ribbit
 10809 | Lair:1   | Killed Prince Ribbit
 10988 | Lair:1   | Noticed a seven-headed hydra
 11127 | D:13     | Noticed a centaur warrior
 11138 | D:12     | Received a gift from Okawaru
 11144 | D:12     | Reached skill level 13 in Long Blades
 11438 | D:13     | Killed a centaur warrior
 11714 | D:13     | Reached ****** piety under Okawaru
 11838 | D:13     | Found a gate to the Vaults.
 11838 | D:13     | Noticed a vault guard
 11838 | D:13     | Noticed a vault guard
 11838 | D:13     | Noticed a vault guard
 11838 | D:13     | Noticed a vault guard
 12214 | D:13     | Killed a vault guard
 12214 | D:13     | Received a gift from Okawaru
 12214 | D:13     | Reached skill level 14 in Long Blades
 12221 | D:13     | Killed a vault guard
 12230 | D:13     | Killed a vault guard
 12230 | D:13     | Reached XP level 13. HP: 80/118 MP: 11/13
 12285 | D:13     | Killed a vault guard
 12531 | D:13     | Found a runed door.
 12532 | D:13     | Noticed a stone giant
 12532 | D:13     | Noticed a storm dragon
 12630 | D:13     | Killed a storm dragon
 12642 | D:13     | Killed a stone giant
 13183 | Lair:1   | Received a gift from Okawaru
 13564 | Lair:1   | Reached skill level 15 in Long Blades
 14104 | Lair:2   | Noticed Gastronok
 14116 | Lair:2   | Killed Gastronok
 14308 | Lair:2   | Noticed Jessica
 14347 | Lair:2   | Killed Jessica
 15721 | Lair:3   | Reached skill level 1 in Stealth
 15751 | Lair:3   | Reached skill level 1 in Evocations
 15849 | Lair:3   | Received a gift from Okawaru
 15906 | Lair:3   | Reached XP level 14. HP: 128/129 MP: 15/15
 16683 | Lair:4   | Found a staircase to the Snake Pit.
 17379 | Lair:4   | Reached skill level 16 in Long Blades
 17413 | Lair:4   | Received a gift from Okawaru
 18127 | Lair:6   | Reached skill level 15 in Shields
 18457 | Lair:6   | Found a staircase to the Shoals.
 18599 | Lair:6   | Got a steaming cloak
 18610 | Lair:6   | Identified the +1 cloak of the Beggar {*Confuse rC++ rN+ Str+3} (You found it on level 6 of the Lair of Beasts)
 19037 | Lair:6   | Received a gift from Okawaru
 19040 | Lair:6   | Got a jewelled falchion {god gift}
 19041 | Lair:6   | Identified the +4 falchion of Quantum Leap {pain, rC+ rN+ Str+4} (Okawaru gifted it to you on level 6 of the Lair of Beasts)
 20948 | Lair:8   | Entered Level 8 of the Lair of Beasts
 21017 | Lair:8   | Found a labyrinth entrance.
 21164 | Lair:8   | Received a gift from Okawaru
 21252 | Lair:8   | Reached XP level 15. HP: 37/138 MP: 16/16
 21343 | Lair:8   | Reached skill level 17 in Long Blades
 21486 | Lair:8   | Got a polished chain mail
 21594 | Lair:8   | HP: 5/139 [polar bear (8)]
 21897 | Lair:8   | Found a staircase to the Slime Pits.
 22066 | Lair:8   | Received a gift from Okawaru
 22254 | Lair:8   | Identified the +4 chain mail of Xoneapn {+Blink Int+3} (You found it on level 8 of the Lair of Beasts)
 22647 | Orc:1    | Entered Level 1 of the Orcish Mines
 23142 | Orc:2    | Entered Level 2 of the Orcish Mines
 23268 | Orc:2    | Found Asejilir's Distillery.
 23350 | Orc:2    | Found a staircase to the Elven Halls.
 23846 | Orc:2    | Noticed Rupert
 23848 | Orc:2    | Paralysed by Rupert for 3 turns
 23864 | Orc:2    | Killed Rupert
 24416 | Orc:2    | Found Ajysiupp's General Store.
 24419 | Orc:2    | Found Vouseam's Magic Scroll Boutique.
 24563 | Orc:2    | Gained mutation: You are frail (-10% HP). [a neqoxec]
 24570 | Orc:2    | Received a gift from Okawaru
 24596 | Orc:2    | Gained mutation: Your magical capacity is low (-10% MP). [a neqoxec]
 24603 | Orc:2    | Gained mutation: You are clumsy. (Dex -2) [a neqoxec]
 24639 | Orc:2    | Bought a scroll of magic mapping for 59 gold pieces
 24639 | Orc:2    | Bought a scroll of enchant weapon for 127 gold pieces
 24825 | Orc:2    | Gained mutation: You regenerate slowly when monsters are visible. [a neqoxec]
 24829 | Orc:2    | Gained mutation: Your mind is acute. (Int +2) [a neqoxec]
 24833 | Orc:2    | Gained mutation: You are weak. (Str -2) [a neqoxec]
 24861 | Orc:2    | HP: 1/125 [orc warrior/trident (20)]
 25298 | Orc:2    | Reached skill level 15 in Fighting
 25311 | Orc:2    | Reached skill level 18 in Long Blades
 25326 | Orc:2    | Found Tyturokh's Antique Weapon Shoppe.
 25326 | Orc:2    | Found Detax's Gadget Emporium.
 25326 | Orc:2    | Found a one-way gate leading to the halls of Pandemonium.
 26026 | D:14     | Received a gift from Okawaru
 26198 | D:14     | Found a shattered altar of Ashenzari.
 26642 | D:15     | Entered Level 15 of the Dungeon
 26671 | D:15     | Found a radiant altar of Vehumet.
 26791 | D:15     | Reached XP level 16. HP: 118/134 MP: 15/15
 27054 | D:15     | Found a staircase to the Depths.
 28196 | D:15     | Received a gift from Okawaru
 28559 | Snake:1  | Entered Level 1 of the Snake Pit
 30025 | Snake:1  | Received a gift from Okawaru
 30031 | Snake:1  | Got a spiked shield {god gift}
 30147 | Snake:1  | Identified the +5 shield of Defiance {Int+5} (Okawaru gifted it to you on level 1 of the Snake Pit)
 30611 | Snake:2  | Reached skill level 19 in Long Blades
 31805 | Snake:2  | Reached skill level 15 in Armour
 33061 | Snake:2  | Reached XP level 17. HP: 140/143 MP: 16/16
 33104 | Snake:3  | Received a gift from Okawaru
 34194 | Snake:3  | HP: 7/143 [black mamba (4)]
 34847 | Snake:3  | Noticed Agnes
 34860 | Snake:3  | Killed Agnes
 35698 | Snake:3  | Noticed Wiglaf
 35701 | Snake:3  | Received a gift from Okawaru
 35718 | Snake:3  | Killed Wiglaf
 36680 | Snake:3  | HP: 3/144 [salamander/trident (7)]
 36680 | Snake:3  | Slain by a salamander

Skill      XL: |  1  2  3  4  5  6  7  8  9 10 11 12 13 14 15 16 |
---------------+-------------------------------------------------+-----
Shields        | 4 5 7 8 10 11 12 13 14 15 16 18 | 18.9
Armour         | 4 5 6 7 8 9 10 11 12 13 14 15 | 15.6
Fighting       | 4 5 6 7 8 9 10 12 13 14 15 16 | 16.9
Long Blades    | 3 4 5 6 8 10 12 14 15 16 18 19 | 19.9
Dodging        | 1 2 3 4 5 6 7 |  7.9
Invocations    | 1 3 |  3.6
Stealth        | 1 |  1.5
Evocations     | 1 |  1.3

Action                   |  1- 3 |  4- 6 |  7- 9 | 10-12 | 13-15 | 16-18 || total
-------------------------+-------+-------+-------+-------+-------+-------++-------
Melee: Long sword        |   104 |    99 |   448 |   642 |   140 |       ||  1433
       Headbutt          |    12 |    21 |    93 |   131 |   445 |   192 ||   894
       Scimitar          |       |       |    32 |    67 |       |       ||    99
       Double sword      |       |       |       |       |  1568 |   850 ||  2418
       Dagger            |       |       |       |       |     1 |       ||     1
       Falchion          |       |       |       |       |   105 |       ||   105
Invok: Heroism           |       |       |     2 |     6 |    13 |     5 ||    26
       Finesse           |       |       |       |       |     5 |       ||     5
Evoke: Wand              |       |       |       |       |     9 |       ||     9
  Use: Potion            |       |     1 |     4 |     2 |     7 |     7 ||    21
       Scroll            |       |       |     1 |    26 |     9 |     4 ||    40
 Stab: Distracted        |       |       |       |       |       |     1 ||     1
  Eat: Chunk             |       |     5 |    13 |    22 |    46 |    24 ||   110
       Fruit             |       |       |       |       |     4 |    10 ||    14
Armor: Scale mail        |    18 |       |       |       |       |       ||    18
       Chain mail        |    43 |    47 |    87 |       |   120 |   209 ||   506
       Plate armour      |       |       |   135 |   194 |   521 |    35 ||   885
Dodge: Dodged            |    34 |    15 |   117 |   134 |   496 |   239 ||  1035
Block: Shield            |    64 |    50 |   290 |   320 |  1114 |   747 ||  2585
